 Dungeon Crawl Stone Soup version 0.21.1-1-g345015f (webtiles) character file.

117 Irikuri the Skirmisher (level 5, -1/61 HPs)
             Began as an Ogre Berserker on May 21, 2018.
             Was an Initiate of Trog.
             Killed by nerve-wracking pain
             ... invoked by a shadow imp
              (12 damage)
             ... on level 6 of the Dungeon.
             The game lasted 00:08:26 (900 turns).

Irikuri the Skirmisher (Ogre Berserker)              Turns: 900, Time: 00:08:26

Health: -1/61      AC:  3    Str: 22    XL:     5   Next: 1%
Magic:  9/9        EV: 11    Int:  6    God:    Trog [......]
Gold:   41         SH:  0    Dex:  8    Spells: 10/10 levels left

rFire    . . .     SeeInvis .   a - +0 falchion
rCold    . . .     Gourm    .   (no shield)
rNeg     . . .     Faith    .   b - +0 animal skin
rPois    .         Spirit   .   (helmet restricted)
rElec    .         Reflect  .   (no cloak)
rCorr    .         Harm     .   (gloves unavailable)
MR       .....                  (boots unavailable)
Stlth    ++........             (no amulet)
HPRegen  0.20/turn              (no ring)
MPRegen  0.11/turn              (no ring)

@: no status effects
A: large, unfitting armour, blurry vision 1, dopey 1, mutation resistance 1,
tough skin 1
a: Burn Spellbooks, Renounce Religion


You were on level 6 of the Dungeon.
You worshipped Trog.
Trog was noncommittal.
You were not hungry.

You visited 1 branch of the dungeon, and saw 6 of its levels.

You collected 41 gold pieces.

Inventory:

Hand Weapons
 a - a +0 falchion (weapon)
 d - a +0 mace
 e - a +0 dagger
 h - a +0 short sword
 m - a +0 mace
Armour
 b - a +0 animal skin (worn)
 j - a +0 leather armour
 k - a cursed +0 robe
Jewellery
 f - an uncursed ring of see invisible {unknown}
Scrolls
 g - a scroll of remove curse {unknown}
 l - a scroll of amnesia {unknown}
Potions
 i - a potion of curing
 n - 2 potions of mutation
 o - a potion of heal wounds {unknown}
Comestibles
 c - 2 rations


   Skills:
 + Level 6.4 Fighting
 + Level 2.6(4.0) Short Blades
 + Level 4.5(4.9) Long Blades
 + Level 2.6 Maces & Flails
 + Level 2.9 Throwing
 + Level 2.4 Armour
 + Level 4.4 Dodging
 + Level 2.4 Stealth
 + Level 2.7 Unarmed Combat
 + Level 3.2 Spellcasting


You had 10 spell levels left.
You didn't know any spells.

Dungeon Overview and Level Annotations

Branches:
Dungeon (6/15)
 Temple: D:4-7

Altars:


Innate Abilities, Weirdness & Mutations

You are too large for most types of armour.
You have tough skin. (AC +1)
Scrolls take you a little longer to read.
You are dopey. (Int -2)
You are somewhat resistant to further mutation.


Message History

The orc is heavily wounded.
The hound bites you but does no damage. The hound completely misses you.
You riposte.
You hit the hound.
The hound is moderately wounded.
The hound bites you.
* * * LOW HITPOINT WARNING * * *
The hound closely misses you.
You see here a ration.
The hound barely misses you. The hound barely misses you.
You riposte.
You closely miss the hound. The hound barely misses you.
You riposte.
You barely miss the hound.
The hound is moderately wounded.
The hound bites you.
* * * LOW HITPOINT WARNING * * *
You see here 17 gold pieces.
The hound bites you.
* * * LOW HITPOINT WARNING * * *
The shadow imp gestures at you. Pain shoots through your body!
You die...

......# ... #
#####.#..##... .
#...........
#.#..#.[#..##
#.#..#.....###... .#
#.#%.#.#.........
....#...o.....#####.#
.........#...........
......#o###5@..####.#
.####...$..h#.......
#....#...h....####.
#.######.......# ..
#..####.# #... ...
#.... .#.# ##.### .#
...


You could see 2 hounds, a shadow imp and an orc.

Vanquished Creatures
  Jessica (D:2)
  An adder (D:2)
  An ooze (D:1)
  A worm (D:2)
  A leopard gecko (D:3)
  An orc (D:6)
  A giant cockroach (D:1)
  4 hobgoblins
  2 kobolds
  A quokka (D:2)
  A bat (D:3)
  A frilled lizard (D:4)
  3 goblins
  5 rats
24 creatures vanquished.

Notes
Turn   | Place    | Note
-------+----------+-------------------------------------------
     0 | D:1      | Irikuri the Ogre Berserker began the quest for the Orb.
     0 | D:1      | Reached XP level 1. HP: 24/24 MP: 1/1
   102 | D:1      | Reached XP level 2. HP: 25/32 MP: 2/2
   273 | D:2      | Noticed Jessica
   283 | D:2      | Killed Jessica
   283 | D:2      | Reached XP level 3. HP: 14/40 MP: 3/3
   516 | D:2      | Reached skill level 6 in Fighting
   516 | D:2      | Reached XP level 4. HP: 53/53 MP: 3/8
   609 | D:4      | Noticed a centaur
   674 | D:3      | Gained mutation: Scrolls take you a little longer to read. [potion of mutation]
   674 | D:3      | Gained mutation: You are dopey. (Int -2) [potion of mutation]
   674 | D:3      | Gained mutation: You are somewhat resistant to further mutation. [potion of mutation]
   840 | D:4      | Reached XP level 5. HP: 61/61 MP: 9/9
   862 | D:5      | Entered Level 5 of the Dungeon
   900 | D:6      | Killed from afar by a shadow imp

Skill      XL: |  1  2  3 |
---------------+----------+-----
Long Blades    | 3 4 |  4.5
Dodging        | 3 4 |  4.4
Fighting       | 6 |  6.4
Short Blades   | 2 |  2.6
Maces & Flails | 2 |  2.6
Throwing       | 2 |  2.9
Armour         | 2 |  2.4
Stealth        | 2 |  2.4
Unarmed Combat | 2 |  2.7
Spellcasting   | 3 |  3.2

Action                   |  1- 3 |  4- 6 || total
-------------------------+-------+-------++-------
Melee: Falchion          |    51 |    33 ||    84
Invok: Berserk           |     1 |       ||     1
  Use: Potion            |     3 |     2 ||     5
 Stab: Sleeping          |       |     2 ||     2
  Eat: Chunk             |       |     1 ||     1
Armor: Animal skin       |    11 |     7 ||    18
Dodge: Dodged            |    27 |    29 ||    56
       Rpst.: Falchion   |     7 |    16 ||    23
